 Dungeon Crawl Stone Soup version 0.21-a0-531-gacddea6 (webtiles) character file.

340295 Amnesiac the Acrobat (level 21, 0/144 (150) HPs)
             Began as a Deep Elf Fighter on Dec 13, 2017.
             Was a High Priest of Okawaru.
             Killed from afar by an iron giant (40 damage)
             ... with an iron shot
             ... on level 7 of the Iron City of Dis.
             The game lasted 02:02:43 (47644 turns).

Amnesiac the Acrobat (Deep Elf Fighter)            Turns: 47644, Time: 02:02:44

HP:   0/144 (150)   AC: 28    Str: 29    XL:     21   Next: 64%
MP:   0/30          EV: 28    Int: 17    God:    Okawaru [*****.]
Gold: 2708          SH:  0    Dex: 16    Spells: 13/20 levels left

rFire    + + .     SeeInvis +   a - +9 longbow "Dooruip" {velocity, rElec}
rCold    . . .     Gourm    .   (shield currently unavailable)
rNeg     . . .     Faith    +   j - +2 plate armour of Supple Strength {-Cast +Fly rF++ Slay+3}
rPois    .         Spirit   +   l - +2 helmet {SInv}
rElec    +         Reflect  .   C - scarf {Spirit}
rCorr    .         Harm     .   W - +1 pair of gloves {Str+3}
MR       +++..     NoCast   +   I - +0 pair of boots of Absolutism {Str+4 Dex+2 Stlth-}
Stlth    ..........             v - amulet of faith
HPRegen  0.00/turn              k - +2 ring of strength
MPRegen  0.22/turn              E - ring of Xom's Favour {rElec AC+3 Stlth+}

@: heroism, finesse, non-regenerating, diseased, slowed, drained, very slow
A: repulsion field 2, deformed body, magic resistance 1, robust 1, no potion
heal 1, subdued magic 1
a: Heroism, Finesse, Renounce Religion, Evoke Flight


You were on level 7 of the Iron City of Dis.
You worshipped Okawaru.
Okawaru was extremely pleased with you.
You were very full.

You visited 4 branches of the dungeon, and saw 28 of its levels.
You visited 1 bazaar.
You also visited: Labyrinth and Ossuary.

You collected 2974 gold pieces.
You spent 266 gold pieces at shops.

Inventory:

Hand Weapons
 a - the +9 longbow "Dooruip" (weapon) {velocity, rElec}
   (Okawaru gifted it to you on level 12 of the Dungeon)

   Any arrow fired from it inflicts extra damage.
   It insulates you from electricity.
 b - the +8 autumn katana {slice, Clar}
   (You found it on level 8 of the Dungeon)

   It inflicts extra damage upon your enemies.
   It protects you against confusion.
 i - a +0 blowgun
 o - a +1 shortbow of flaming
 p - a +1 demon whip of electrocution
Missiles
 g - 930 stones
 h - 613 arrows (quivered)
 R - 21 curare-tipped needles
 X - a poisoned tomahawk
Armour
 j - the +2 plate armour of Supple Strength (worn) {-Cast +Fly rF++ Slay+3}
   (Okawaru gifted it to you on level 13 of the Dungeon)

   It affects your accuracy and damage with ranged weapons and melee attacks
   (+3).
   It greatly protects you from fire.
   It lets you fly.
   It prevents spellcasting.
 l - a +2 helmet of see invisible (worn)
 w - a +1 crystal plate armour
 C - a scarf of spirit shield (worn)
 I - the +0 pair of boots of Absolutism (worn) {Str+4 Dex+2 Stlth-}
   (Okawaru gifted it to you on level 2 of the Depths)

   It affects your strength (+4).
   It affects your dexterity (+2).
   It makes you less stealthy.
 N - a scarf of cloud immunity
 W - a +1 pair of gloves of strength (worn)
 Z - the +0 pair of boots "Jiallois" {rC+ Stlth+}
   (Okawaru gifted it to you on level 5 of the Depths)

   It protects you from cold.
   It makes you more stealthy.
Jewellery
 k - a +2 ring of strength (left hand)
 v - an amulet of faith (around neck)
 y - an uncursed amulet of rage
 E - the ring of Xom's Favour (right hand) {rElec AC+3 Stlth+}
   (You acquired it on level 2 of the Iron City of Dis)

   [ring of protection]

   It affects your AC (+3).
   It insulates you from electricity.
   It makes you more stealthy.
 F - an uncursed ring of fire
 S - an uncursed ring of positive energy
 U - an uncursed ring of ice
Wands
 A - a wand of acid (32)
 T - a wand of paralysis (27)
 V - a wand of digging (7)
Scrolls
 d - 3 scrolls of teleportation {!r}
 e - 5 scrolls of fog {!r}
 t - 6 scrolls of remove curse {!r}
 u - 2 scrolls of magic mapping {!r}
 z - 2 scrolls of vulnerability {!r}
 B - 8 scrolls of identify {!r}
 D - 5 scrolls of amnesia {!r}
 L - a scroll of torment {!r}
 M - a scroll of summoning {!r}
 P - 3 scrolls of enchant weapon {!r}
Potions
 m - 6 potions of resistance {!q}
 n - 2 potions of brilliance {!q}
 r - a potion of cancellation {!q}
 s - a potion of lignification {!q}
 x - 5 potions of curing {!q}
 H - a potion of heal wounds {!q}
 K - a potion of invisibility {!q}
 O - 7 potions of might {!q}
 Y - a potion of flight {!q}
Miscellaneous
 c - the horn of Geryon
Comestibles
 f - 15 bread rations
 G - 3 meat rations


   Skills:
 + Level 16.4(21.1) Fighting
   Level 2.0(6.7) Short Blades
 - Level 20.0(24.6) Bows
 + Level 16.4(21.1) Armour
 + Level 21.6(26.3) Dodging
   Level 2.4(7.2) Shields
 - Level 10.0(9.7) Invocations
 - Level 2.5(2.3) Evocations


You had 13 spell levels left.
You knew the following spells:

 Your Spells              Type           Power        Failure   Level  Hunger
a - Summon Butterflies    Summ           #.......     63%         1    ##.....
b - Apportation           Tloc           #.....       63%         1    ##.....
c - Passwall              Tmut/Erth      #.........   77%         2    ###....
e - Confuse               Hex            #.......     94%         3    ####...


Dungeon Overview and Level Annotations

Branches:
Dungeon (15/15)            Temple (0/1) D:4            Lair (0/6) D:10
    Orc (0/2) D:10         Vaults (0/5) D:13         Depths (5/5) D:15
   Hell (1/1)                 Dis (7/7) Hell            Geh (0/7) Hell
    Coc (0/7) Hell            Tar (0/7) Hell            Zot (0/5) Depths:5

Altars:
Ashenzari
Fedhas
Hepliaklqana
Makhleb
Nemelex Xobeh
Okawaru
Qazlal
Sif Muna
Trog
Vehumet
Wu Jian
Xom
Yredelemnul
The Shining One

Shops:
D:5 ?[[*   D:6 *

Portals:
Hell: Depths:1 Depths:2 Depths:3 Depths:4 Depths:5
Abyss: Depths:4
Pandemonium: Depths:3 Depths:4
Ziggurat: Depths:4


Innate Abilities, Weirdness & Mutations

You are surrounded by a moderate repulsion field. (EV +3)
Armour fits poorly on your strangely shaped body.
You are resistant to hostile enchantments. (MR+)
You are robust. (+10% HP)
Potions are less effective at restoring your health.
Your spells are a little easier to cast, but a little less powerful.


Message History

Firing (i - inventory. (,) - cycle):
h - 623 arrows (quivered)
Press: ? - help, Shift-Dir - straight line, f/p - Tzitzimitl
Aim: a Tzitzimitl (severely wounded)
You shoot an arrow. The arrow barely misses the Tzitzimitl.
Firing (i - inventory. (,) - cycle):
h - 622 arrows (quivered)
Press: ? - help, Shift-Dir - straight line, f/p - Tzitzimitl
Aim: a Tzitzimitl (severely wounded)
You shoot an arrow. The arrow hits the Tzitzimitl.
The Tzitzimitl is severely wounded.
The Tzitzimitl gestures at you. The bolt of negative energy hits you!
You feel drained.
* * * LOW HITPOINT WARNING * * *
The reaper completely misses you.
Firing (i - inventory. (,) - cycle):
h - 621 arrows (quivered)
Press: ? - help, Shift-Dir - straight line, f/p - Tzitzimitl
Aim: a Tzitzimitl (severely wounded)
You shoot an arrow. The arrow hits the Tzitzimitl!
The Tzitzimitl is almost dead.
The Tzitzimitl engulfs you but does no damage.
The Tzitzimitl bites you but does no damage.
Firing (i - inventory. (,) - cycle):
h - 620 arrows (quivered)
Press: ? - help, Shift-Dir - straight line, f/p - Tzitzimitl
Aim: a Tzitzimitl (almost dead)
You shoot an arrow.
The arrow closely misses the Tzitzimitl.
Firing (i - inventory. (,) - cycle):
h - 619 arrows (quivered)
Press: ? - help, Shift-Dir - straight line, f/p - Tzitzimitl
Aim: a Tzitzimitl (almost dead)
You shoot an arrow. The arrow hits the Tzitzimitl!!
You kill the Tzitzimitl!
Okawaru accepts your kill.
Firing (i - inventory. (,) - cycle):
h - 618 arrows (quivered)
Press: ? - help, Shift-Dir - straight line, f - reaper
Aim: a reaper, wielding a scythe of protection You shoot an arrow.
The arrow hits the reaper!!!
The reaper is severely wounded.
The reaper hits you from afar with a scythe of protection!
* * * LOW HITPOINT WARNING * * *
Firing (i - inventory. (,) - cycle):
h - 617 arrows (quivered)
Press: ? - help, Shift-Dir - straight line, f/p - reaper
Aim: a reaper, wielding a scythe of protection (severely wounded)
You shoot an arrow. The arrow hits the reaper!
The reaper is almost dead.
Firing (i - inventory. (,) - cycle):
h - 616 arrows (quivered)
Press: ? - help, Shift-Dir - straight line, f/p - reaper
Aim: a reaper, wielding a scythe of protection (almost dead)
You shoot an arrow. The arrow hits the reaper!!
You kill the reaper!
Okawaru accepts your kill. Something appears at your feet!
Okawaru grants you ammunition!
Firing (i - inventory. (,) - cycle):
h - 615 arrows (quivered)
Press: ? - help, Shift-Dir - straight line, f - iron giant
Aim: an iron giant, wielding a giant club (lightly wounded)
You shoot an arrow. The arrow hits the iron giant.
The iron giant is lightly wounded.
Firing (i - inventory. (,) - cycle):
h - 614 arrows (quivered)
Press: ? - help, Shift-Dir - straight line, f/p - iron giant
Aim: an iron giant, wielding a giant club (lightly wounded)
You shoot an arrow. The arrow hits the iron giant!
The iron giant is lightly wounded.
The iron giant gestures at you while chanting.
The iron shot hits you!
You die...

#####++##### #
##..#....#..##..
..............
............
#.......######
#...≈≈.h#....#
#...≈≈hhC(...#
##...≈≈.h#.@..#
....h.≈h..#..∩.#
#####.≈h.#######
#.hh.# #.≈C.+
+.≈≈)# #...(#
#...(# ......


You could see an iron giant and 3 hell hounds.

Vanquished Creatures
  3 juggernauts (Depths:5)
  Bai Suzhen (Depths:1)
  Geryon (Hell)
  2 golden dragons
  4 caustic shrikes (Depths:5)
  A bone dragon (Depths:3)
  2 liches (Depths:5)
  2 Brimstone Fiends
  4 iron giants
  A Tzitzimitl (Dis:7)
  3 tentacled monstrosities (Depths:5)
  Rupert (D:13)
  A Hell Sentinel (Dis:5)
  A quicksilver dragon (Depths:4)
  An Ice Fiend (Dis:6)
  2 sphinxes (Depths:5)
  Gastronok (D:9)
  9 ancient champions
  3 tengu reavers (Depths:5)
  2 storm dragons (Depths:5)
  4 shadow dragons
  9 frost giants
  A draconian monk (Depths:5)
  A deep elf sorcerer (Depths:5)
  5 fire giants
  4 iron dragons
  3 balrugs
  Louise (D:15)
  3 spriggan defenders
  24 reapers
  12 very ugly things
  A deep elf elementalist (Depths:5)
  A juggernaut skeleton (Depths:2)
  10 stone giants
  A war gargoyle (Hell)
  2 deep elf demonologists
  4 vampire knights
  A spark wasp (Depths:5)
  2 green deaths
  A merfolk javelineer (Depths:3)
  3 ettins
  A deep elf death mage (Depths:5)
  2 blizzard demons
  A mummy priest (Hell)
  A merfolk impaler (Depths:3)
  3 jiangshi (Depths:1)
  A minotaur (Lab)
  A quicksilver dragon zombie (Hell)
  2 deep elf high priests
  10 fire dragons
  Fannar (D:11)
  6 yaktaur captains
  8 great orbs of eyes
  2 rakshasas
  4 spriggan air magi
  3 hell beasts
  6 ice dragons
  8 vault guards
  7 centaur warriors
  3 hydras
  A queen ant (D:9)
  A two-headed ogre (shapeshifter) (Depths:2)
  3 ogre magi
  4 tengu warriors
  14 two-headed ogres
  14 deep troll shamans
  A titan zombie (Dis:6)
  11 deep troll earth magi
  Urug (D:10)
  11 spriggan berserkers
  4 storm dragon zombies
  6 soul eaters
  A shock serpent (shapeshifter) (Depths:5)
  Nergalle (D:10)
  An iron golem (Depths:3)
  2 vampire magi (Depths:1)
  8 sun demons
  Sonja (D:14)
  40 skeletal warriors
  A storm dragon skeleton (Depths:2)
  2 shadow wraiths (Depths:3)
  7 spriggans
  16 iron trolls
  A quicksilver dragon simulacrum (Hell)
  7 hell knights
  31 deep trolls
  2 anaconda zombies (Hell)
  A salamander mystic (Depths:3)
  An infernal demonspawn (Depths:4)
  An unseen horror (shapeshifter) (D:15)
  2 golden dragon zombies (Hell)
  3 unseen horrors
  6 glowing orange brains
  A ghost moth zombie (Dis:5)
  A flayed ghost (Depths:3)
  An orc knight (D:15)
  An anaconda skeleton (Hell)
  6 phantasmal warriors
  3 wolf spider zombies (Dis:6)
  A golden dragon skeleton (Depths:2)
  2 iron dragon zombies (Hell)
  A lindwurm (shapeshifter) (Depths:1)
  A sphinx zombie (Depths:1)
  5 deep elf magi
  7 necromancers
  5 fire giant zombies
  18 ugly things
  A tengu skeleton (Depths:1)
  A manticore (D:13)
  A salamander (shapeshifter) (D:13)
  A wolf spider (shapeshifter) (Depths:5)
  A sphinx skeleton (Depths:2)
  3 shadow dragon skeletons (Hell)
  3 stone giant zombies
  3 cyclopes
  4 salamanders (Depths:3)
  2 frost giant zombies
  An elephant (shapeshifter) (Depths:3)
  An ice statue (Depths:1)
  A fire giant skeleton (Hell)
  A frost giant skeleton (Depths:2)
  An eye of devastation (Depths:4)
  2 orange demons (Hell)
  2 smoke demons
  A spiny frog (shapeshifter) (D:15)
  3 gargoyles
  2 yaktaur zombies (Hell)
  13 rust devils
  12 hellions
  A kobold demonologist (D:15)
  6 tormentors
  A demonic crawler (Hell)
  5 freezing wraiths
  A redback zombie (D:15)
  3 spriggan zombies
  A rime drake (shapeshifter) (Depths:4)
  A spark wasp simulacrum (Depths:1)
  24 yaktaurs
  A catoblepas skeleton (Dis:5)
  3 hydra zombies
  6 red devils
  7 ice devils
  2 hellwings (Depths:4)
  3 meliai (D:13)
  A queen bee (D:13)
  3 tengu conjurers
  A hornet (shapeshifter) (D:15)
  Prince Ribbit (D:8)
  3 trolls (D:9)
  24 slime creatures
  7 hornets
  3 fire dragon zombies (Hell)
  2 ettin zombies (Hell)
  3 alligator zombies
  A deep troll zombie (Hell)
  4 hippogriffs
  A centaur simulacrum (D:14)
  16 flying skulls
  A slime creature (shapeshifter) (D:13)
  2 air elementals (Depths:4)
  2 redbacks (Lab)
  Sigmund (D:4)
  An ettin skeleton (Hell)
  4 shadows
  A spriggan (shapeshifter) (D:13)
  4 spriggan skeletons (Depths:2)
  A human (D:7)
  An alligator skeleton (Dis:2)
  17 yaks
  2 tarantellas (shapeshifter)
  A wyvern (D:13)
  12 water elementals
  2 fire elementals (Hell)
  3 hogs (D:7)
  4 wraiths
  A hungry ghost (D:13)
  3 vampire mosquitoes
  An acid dragon (D:15)
  13 hell hounds
  18 soldier ants
  A water moccasin (D:7)
  5 floating eyes
  18 orc warriors
  2 fire dragon simulacra
  2 black bears (D:7)
  A spiny frog skeleton (Hell)
  2 phantoms
  3 sky beasts
  5 ice beasts
  An ettin simulacrum (Hell)
  2 snapping turtle zombies
  A necrophage (Dis:2)
  13 ogres
  5 boggarts (Depths:4)
  4 eyes of draining
  11 centaurs
  An eye of draining (shapeshifter) (D:15)
  A manticore skeleton (Dis:5)
  3 crocodiles
  An elf zombie (Dis:5)
  4 big kobolds
  10 bullfrogs
  A gnoll sergeant (D:9)
  A glowing shapeshifter simulacrum (Depths:1)
  6 scorpions
  40 killer bees
  18 wights
  2 electric eels
  A bullfrog zombie (D:9)
  9 crimson imps
  2 quasits
  2 centaur zombies
  8 hounds
  8 orc priests
  3 human zombies (Ossuary)
  8 centaur skeletons
  3 jellies
  2 bullfrog skeletons
  19 iron imps
  Jessica (D:2)
  4 hell rats (Hell)
  6 iguanas
  9 orc wizards
  34 worker ants
  An ogre zombie (Dis:6)
  A big kobold zombie (Ossuary)
  2 hound zombies
  2 hound skeletons
  5 mummies
  A worker ant zombie (D:5)
  15 gnolls
  A howler monkey skeleton (D:5)
  9 adders
  3 shadow imps
  2 oozes
  6 adder zombies
  A dart slug (D:1)
  6 leopard geckos
  79 orcs
  5 giant cockroaches
  20 goblins
  16 hobgoblins
  4 jackals (D:3)
  3 quokkas
  4 ball pythons
  10 bats
  6 frilled lizards
  2 goblin zombies (Ossuary)
  6 hobgoblin zombies (Ossuary)
  3 jackal zombies (Ossuary)
  28 kobolds
  4 kobold zombies (Ossuary)
  2 orc zombies (Ossuary)
  A quokka skeleton (D:4)
  3 quokka zombies
  7 rats
  3 rat zombies (Ossuary)
1301 creatures vanquished.

Vanquished Creatures (others)
  A skeletal warrior (Dis:2)
  An unseen horror (shapeshifter) (D:13)
  A bullfrog (D:14)
  A killer bee (D:13)
4 creatures vanquished.

Grand Total: 1305 creatures vanquished

Notes
Turn   | Place    | Note
-------+----------+-------------------------------------------
     0 | D:1      | Amnesiac the Deep Elf Fighter began the quest for the Orb.
     0 | D:1      | Reached XP level 1. HP: 13/13 MP: 3/3
    75 | D:1      | Reached skill level 1 in Dodging
    75 | D:1      | Reached XP level 2. HP: 3/18 MP: 4/4
   667 | D:1      | Reached XP level 3. HP: 16/22 MP: 5/5
   824 | D:1      | Reached skill level 2 in Dodging
  1399 | D:2      | Noticed Jessica
  2053 | D:3      | Reached XP level 4. HP: 25/28 MP: 6/6
  2154 | D:2      | Found a burning altar of Makhleb.
  2484 | D:2      | Reached skill level 3 in Dodging
  2735 | D:3      | Reached XP level 5. HP: 23/32 MP: 7/7
  3056 | D:3      | Found an iron altar of Okawaru.
  3068 | D:3      | Became a worshipper of Warmaster Okawaru
  3110 | D:3      | Found a radiant altar of Vehumet.
  3163 | D:4      | Noticed an ogre
  3174 | D:4      | Killed an ogre
  3192 | D:3      | Reached skill level 4 in Dodging
  3192 | D:3      | Reached XP level 6. HP: 6/38 MP: 8/8
  3541 | D:4      | Reached * piety under Okawaru
  4136 | D:4      | Found a basalt altar of Yredelemnul.
  4163 | D:4      | Found a staircase to the Ecumenical Temple.
  4202 | D:4      | Reached XP level 7. HP: 23/43 MP: 9/9
  4265 | D:4      | Found a hazy altar of Hepliaklqana.
  4318 | D:4      | Reached skill level 5 in Dodging
  4328 | D:4      | Reached ** piety under Okawaru
  4566 | D:4      | Noticed Sigmund
  4588 | D:4      | Killed Sigmund
  4588 | D:4      | Reached skill level 5 in Fighting
  4588 | D:4      | Reached skill level 6 in Dodging
  4690 | D:5      | Entered Level 5 of the Dungeon
  4690 | D:5      | Found Dagudeh's Armour Shop.
  4690 | D:5      | Found Axibosil's General Store.
  4690 | D:5      | Found Koaneim's Antique Armour Shop.
  4698 | D:5      | Found Xian's Magic Scroll Shop.
  4716 | D:5      | Reached skill level 5 in Armour
  4733 | D:5      | Bought a +0 pair of gloves for 49 gold pieces
  4913 | D:5      | Reached XP level 8. HP: 49/49 MP: 10/10
  4987 | D:5      | Found a shattered altar of Ashenzari.
  5347 | D:5      | Found a shimmering altar of Xom.
  5568 | D:6      | Reached *** piety under Okawaru
  5717 | D:6      | Reached skill level 7 in Dodging
  5835 | D:5      | Reached skill level 1 in Bows
  5847 | D:5      | Reached skill level 1 in Invocations
  5991 | D:6      | Found a glowing golden altar of the Shining One.
  5992 | D:6      | Reached **** piety under Okawaru
  6046 | D:6      | Found a stormy altar of Qazlal.
  6230 | D:6      | Found Toruf's General Store.
  6919 | D:7      | Reached XP level 9. HP: 30/54 MP: 13/13
  6927 | D:7      | Reached skill level 5 in Bows
  7242 | D:7      | Received a gift from Okawaru
  7866 | D:7      | Got a sheer robe
  7877 | D:7      | Identified the +2 robe "Dira" {rElec MR+} (You took it off a crimson imp on level 7 of the Dungeon)
  8167 | D:7      | Reached skill level 5 in Invocations
  8408 | D:7      | Reached ***** piety under Okawaru
  8417 | D:7      | Got an ancient scale mail
  8428 | D:7      | Identified the +3 scale mail of Daigen {rF+ Str+4 Stlth-} (You found it on level 7 of the Dungeon)
  8576 | D:7      | Found a bloodstained altar of Trog.
  9000 | D:2      | Killed Jessica
  9272 | D:8      | Noticed a five-headed hydra
  9615 | D:8      | Found a sand-covered staircase.
  9620 | Ossuary  | Entered an ossuary
 10011 | Ossuary  | Reached XP level 10. HP: 57/59 MP: 17/17
 10088 | D:8      | Found a blossoming altar of Fedhas.
 10509 | D:8      | Received a gift from Okawaru
 10911 | D:8      | Found the +8 autumn katana {slice, Clar}
 10916 | D:8      | Noticed Prince Ribbit
 10931 | D:8      | Killed Prince Ribbit
 10931 | D:8      | Received a gift from Okawaru
 12161 | D:9      | Found a deep blue altar of Sif Muna.
 12425 | D:9      | Received a gift from Okawaru
 12698 | D:9      | Reached skill level 8 in Dodging
 12892 | D:9      | Reached ****** piety under Okawaru
 13003 | D:9      | Received a gift from Okawaru
 13270 | D:9      | Reached XP level 11. HP: 49/65 MP: 19/19
 13371 | D:9      | Reached skill level 10 in Bows
 13431 | D:9      | Gained mutation: You have sharp toenails. [mutagenic meat]
 13432 | D:9      | Gained mutation: You are surrounded by a mild repulsion field. (EV +2) [mutagenic meat]
 13819 | D:9      | Noticed a queen ant
 14234 | D:9      | Killed a queen ant
 14282 | D:9      | Received a gift from Okawaru
 14553 | D:5      | Bought a glowing helmet for 217 gold pieces
 14642 | D:10     | Entered Level 10 of the Dungeon
 14809 | D:10     | Reached skill level 9 in Dodging
 14813 | D:10     | Noticed Nergalle
 14828 | D:10     | Killed Nergalle
 14979 | D:10     | Found a staircase to the Lair.
 15029 | D:10     | Found a staircase to the Orcish Mines.
 15382 | D:10     | Noticed Urug
 15436 | D:10     | Killed Urug
 15870 | D:11     | Noticed Gastronok
 16273 | D:9      | Killed Gastronok
 16273 | D:9      | Received a gift from Okawaru
 16358 | D:9      | Learned a level 1 spell: Summon Butterflies
 16361 | D:9      | Learned a level 1 spell: Apportation
 16498 | D:11     | Noticed Fannar
 16498 | D:11     | Noticed a two-headed ogre
 16509 | D:10     | Killed a two-headed ogre
 16603 | D:11     | Found an ornate altar of the Wu Jian Council.
 16603 | D:11     | Noticed a tengu warrior
 16617 | D:11     | Killed a tengu warrior
 16617 | D:11     | Received a gift from Okawaru
 16720 | D:11     | Reached XP level 12. HP: 34/72 MP: 17/20
 16889 | D:11     | Killed Fannar
 16896 | D:11     | Reached skill level 10 in Dodging
 17114 | D:11     | Killed a five-headed hydra
 17153 | D:11     | Found a stormy altar of Qazlal.
 17755 | D:12     | HP: 3/73 [acid (10)]
 17770 | D:12     | Gained mutation: You are frail. (-10% HP) [mutagenic meat]
 17771 | D:12     | Gained mutation: You occasionally shout uncontrollably at your foes. [mutagenic meat]
 17772 | D:12     | Gained mutation: You are very frail. (-20% HP) [mutagenic meat]
 17773 | D:12     | Gained mutation: You expend magic power (3 MP) to strengthen your wands. [mutagenic meat]
 17774 | D:12     | Lost mutation: You expend magic power (3 MP) to strengthen your wands. [potion of mutation]
 17774 | D:12     | Lost mutation: You have sharp toenails. [potion of mutation]
 17774 | D:12     | Lost mutation: You are very frail. (-20% HP) [potion of mutation]
 17774 | D:12     | Gained mutation: Your spells are a little easier to cast, but a little less powerful. [potion of mutation]
 17774 | D:12     | Gained mutation: You sometimes yell uncontrollably at your foes. [potion of mutation]
 17774 | D:12     | Gained mutation: You have a somewhat thin skeletal structure. (Dex +2, Stealth) [potion of mutation]
 17775 | D:12     | Lost mutation: You are frail. (-10% HP) [potion of mutation]
 17775 | D:12     | Gained mutation: You have sharp toenails. [potion of mutation]
 17775 | D:12     | Gained mutation: You are resistant to hostile enchantments. (MR+) [potion of mutation]
 17822 | D:12     | Found a labyrinth entrance.
 17848 | Lab      | Identified a paperback manual
 17848 | Lab      | Entered a labyrinth
 18392 | Lab      | Found the +12 glaive of Prune {chop}
 18434 | Lab      | Noticed a minotaur
 18459 | Lab      | Killed a minotaur
 18459 | Lab      | Received a gift from Okawaru
 18464 | Lab      | Got a faintly glowing trident {protect}
 18465 | Lab      | Identified the +12 trident "Illijeqa" {protect, rElec rC+ Str+2} (You took it off a minotaur in a labyrinth)
 18711 | D:12     | Received a gift from Okawaru
 19132 | D:12     | Received a gift from Okawaru
 19135 | D:12     | Got a crystal longbow {god gift}
 19141 | D:12     | Identified the +9 longbow "Dooruip" {velocity, rElec} (Okawaru gifted it to you on level 12 of the Dungeon)
 19226 | D:12     | Noticed Sonja
 19910 | D:13     | Reached skill level 11 in Dodging
 19939 | D:13     | Found a gate to the Vaults.
 19939 | D:13     | Noticed a vault guard
 19939 | D:13     | Noticed a vault guard
 19939 | D:13     | Noticed a vault guard
 19939 | D:13     | Noticed a vault guard
 19939 | D:13     | Noticed a vault guard
 19940 | D:13     | Noticed a vault guard
 19940 | D:13     | Noticed a vault guard
 19940 | D:13     | Noticed a vault guard
 19969 | D:12     | Killed a vault guard
 20160 | D:13     | Noticed a great orb of eyes
 20162 | D:13     | Killed a great orb of eyes
 20162 | D:13     | Received a gift from Okawaru
 20171 | D:13     | Noticed a five-headed hydra
 20179 | D:13     | Killed a five-headed hydra
 20179 | D:13     | Received a gift from Okawaru
 20179 | D:13     | Reached XP level 13. HP: 79/79 MP: 21/21
 20184 | D:13     | Got a scorched plate armour {god gift}
 20209 | D:13     | Identified the +2 plate armour of Supple Strength {-Cast +Fly rF++ Slay+3} (Okawaru gifted it to you on level 13 of the Dungeon)
 20592 | D:12     | Gained mutation: Your magical capacity is low. (-10% MP) [mutagenic meat]
 20593 | D:12     | Lost mutation: Your magical capacity is low. (-10% MP) [mutagenic meat]
 20884 | D:13     | Noticed a fire giant
 20888 | D:13     | Killed a fire giant
 21417 | D:13     | Received a gift from Okawaru
 21563 | D:13     | Reached skill level 12 in Dodging
 21767 | D:13     | Received a gift from Okawaru
 21986 | D:13     | Noticed Rupert
 21995 | D:13     | Killed Rupert
 21995 | D:13     | Received a gift from Okawaru
 22006 | D:13     | Got a twitching marble ring
 22014 | D:13     | Identified the ring of the Fifty People {*Corrode rN+ Dex+2 SInv} (You took it off Rupert on level 13 of the Dungeon)
 22180 | D:13     | Reached skill level 15 in Bows
 22389 | D:13     | Gained mutation: You tend to lose your temper in combat. [mutagenic meat]
 22797 | D:13     | Reached XP level 14. HP: 80/86 MP: 20/22
 23079 | D:14     | Received a gift from Okawaru
 23647 | D:14     | Killed Sonja
 24174 | D:15     | Entered Level 15 of the Dungeon
 24248 | D:15     | Received a gift from Okawaru
 24271 | D:15     | Got a jewelled rapier {god gift}
 24272 | D:15     | Identified the +7 rapier of Currency {holy, MR+ Str+4} (Okawaru gifted it to you on level 15 of the Dungeon)
 24510 | D:15     | Got a crude scale mail
 24563 | D:15     | Noticed Louise
 24581 | D:15     | Killed Louise
 24748 | D:15     | Gained mutation: Your system is resistant to poisons. (rPois) [mutagenic meat]
 24749 | D:15     | Lost mutation: You sometimes yell uncontrollably at your foes. [mutagenic meat]
 24790 | D:15     | Gained mutation: You often lose your temper in combat. [mutagenic meat]
 24791 | D:15     | Gained mutation: You have an uncontrollable temper. [mutagenic meat]
 24792 | D:15     | Lost mutation: You occasionally shout uncontrollably at your foes. [mutagenic meat]
 24794 | D:15     | Lost mutation: You are resistant to hostile enchantments. (MR+) [mutagenic meat]
 24795 | D:15     | Gained mutation: You are resistant to hostile enchantments. (MR+) [mutagenic meat]
 25368 | D:15     | Received a gift from Okawaru
 25372 | D:15     | Reached skill level 13 in Dodging
 25406 | D:15     | Received a gift from Okawaru
 25782 | D:15     | Reached skill level 10 in Fighting
 25836 | D:15     | Found a staircase to the Depths.
 25958 | D:15     | Reached skill level 10 in Armour
 26012 | D:15     | Received a gift from Okawaru
 26367 | Depths:1 | Entered Level 1 of the Depths
 26826 | Depths:1 | Received a gift from Okawaru
 26829 | Depths:1 | Got a shimmering longbow {god gift}
 26830 | Depths:1 | Identified the +1 longbow of Spite {flame, rPois rF+ Int-5} (Okawaru gifted it to you on level 1 of the Depths)
 26842 | Depths:1 | Identified the +3 scale mail "Toiruy" {rPois Int+3} (You took it off an orc on level 15 of the Dungeon)
 26923 | Depths:1 | Reached XP level 15. HP: 76/92 MP: 18/23
 26950 | Depths:1 | Gained mutation: Potions are less effective at restoring your health. [mutagenic meat]
 26951 | Depths:1 | Gained mutation: You are partially covered in large bone plates. (SH +4) [mutagenic meat]
 27005 | Depths:1 | Found a gateway to Hell.
 27027 | Depths:1 | Received a gift from Okawaru
 27100 | Depths:1 | Received a gift from Okawaru
 27185 | Depths:1 | Received a gift from Okawaru
 27242 | Depths:1 | Found a gateway to a bazaar.
 27266 | Bazaar   | Entered a bazaar
 27267 | Bazaar   | Found Xuquhiugh's Weapon Emporium.
 27276 | Bazaar   | Found Aduy's Jewellery Boutique.
 27303 | Bazaar   | Found Bankan's Food Emporium.
 27312 | Bazaar   | Found Puivaces's Armour Emporium.
 27372 | Depths:1 | Received a gift from Okawaru
 27373 | Depths:1 | Got a pair of smoking gloves {god gift}
 27387 | Depths:1 | Identified the +0 pair of gloves of the Flute {MR+} (Okawaru gifted it to you on level 1 of the Depths)
 27604 | Depths:1 | Gained mutation: You are robust. (+10% HP) [mutagenic meat]
 27715 | Depths:1 | Reached skill level 14 in Dodging
 27724 | Depths:1 | Noticed Bai Suzhen
 27746 | Depths:1 | Killed Bai Suzhen
 28767 | Depths:3 | Noticed a shadow dragon
 28776 | Depths:2 | Paralysed by a floating eye for 2 turns
 28791 | Depths:1 | Killed a shadow dragon
 28791 | Depths:1 | Received a gift from Okawaru
 29071 | Depths:1 | Received a gift from Okawaru
 29074 | Depths:1 | Got a distressingly furry plate armour {god gift}
 29085 | Depths:1 | Identified the +7 plate armour of Tartarus {rF+} (Okawaru gifted it to you on level 1 of the Depths)
 29412 | Depths:2 | Reached XP level 16. HP: 54/110 MP: 10/24
 29941 | Depths:2 | Received a gift from Okawaru
 29944 | Depths:2 | Got a pair of steaming boots {god gift}
 29959 | Depths:2 | Identified the +0 pair of boots of Absolutism {Str+4 Dex+2 Stlth-} (Okawaru gifted it to you on level 2 of the Depths)
 29995 | Depths:2 | Reached skill level 15 in Dodging
 31171 | Depths:3 | Received a gift from Okawaru
 31206 | Depths:3 | Gained mutation: Your flesh is cold resistant. (rC+) [mutagenic meat]
 31208 | Depths:3 | Lost mutation: You are partially covered in large bone plates. (SH +4) [mutagenic meat]
 31227 | Depths:3 | Received a gift from Okawaru
 31242 | Depths:3 | Received a gift from Okawaru
 31756 | Depths:2 | Noticed a bone dragon
 31764 | Depths:2 | Received a gift from Okawaru
 31783 | Depths:3 | Killed a bone dragon
 31783 | Depths:3 | Reached XP level 17. HP: 68/116 MP: 9/25
 32028 | Depths:3 | HP: 5/116 [spriggan defender/rapier of flaming (4)]
 32704 | Depths:3 | Found a one-way gate leading to the halls of Pandemonium.
 32885 | Depths:3 | Identified the Handbook of Ashen Poisoning
 32891 | Depths:3 | Got a slimy fustibalus
 32951 | Depths:3 | Received a gift from Okawaru
 32952 | Depths:3 | Reached skill level 16 in Dodging
 33662 | Depths:2 | Received a gift from Okawaru
 33666 | Depths:2 | Reached skill level 10 in Invocations
 33826 | Depths:4 | Received a gift from Okawaru
 33841 | Depths:4 | Found a gateway to a ziggurat.
 33885 | Depths:4 | Noticed a golden dragon
 33906 | Depths:3 | Killed a golden dragon
 33925 | Depths:4 | Received a gift from Okawaru
 33928 | Depths:4 | Noticed a quicksilver dragon
 33941 | Depths:4 | Killed a quicksilver dragon
 34453 | Depths:3 | Received a gift from Okawaru
 34771 | Depths:4 | Reached XP level 18. HP: 67/124 MP: 15/27
 35269 | Depths:4 | Lost mutation: Your system is resistant to poisons. (rPois) [mutagenic meat]
 35290 | Depths:4 | Lost mutation: You have an uncontrollable temper. [mutagenic meat]
 35294 | Depths:4 | Gained mutation: You are surrounded by a moderate repulsion field. (EV +3) [mutagenic meat]
 35296 | Depths:4 | Gained mutation: Your body sometimes deteriorates upon taking damage. [mutagenic meat]
 35297 | Depths:4 | Lost mutation: Your spells are a little easier to cast, but a little less powerful. [mutagenic meat]
 35298 | Depths:4 | Gained mutation: Scrolls take you a little longer to read. [mutagenic meat]
 35299 | Depths:4 | Gained mutation: You evolve. [mutagenic meat]
 35303 | Depths:4 | Lost mutation: You evolve. [mutagenic meat]
 35304 | Depths:4 | Lost mutation: Scrolls take you a little longer to read. [mutagenic meat]
 35305 | Depths:4 | Gained mutation: Your spells are a little easier to cast, but a little less powerful. [mutagenic meat]
 35307 | Depths:4 | Lost mutation: You have a somewhat thin skeletal structure. (Dex +2, Stealth) [mutagenic meat]
 35320 | Depths:4 | Reached skill level 17 in Dodging
 35358 | Depths:4 | Received a gift from Okawaru
 35365 | Depths:4 | Got a twisted dire flail {god gift}
 35403 | Depths:4 | Learned a level 3 spell: Confuse
 35534 | Depths:4 | Found a one-way gate to the infinite horrors of the Abyss.
 35791 | Depths:5 | Entered Level 5 of the Depths
 35803 | Depths:5 | Noticed a lich
 35809 | Depths:5 | Killed a lich
 36189 | Depths:5 | Found a sparkling altar of Nemelex Xobeh.
 36190 | Depths:5 | Found a bloodstained altar of Trog.
 36190 | Depths:5 | Found a stormy altar of Qazlal.
 36296 | Depths:5 | Received a gift from Okawaru
 36403 | Depths:5 | Found a gate to the Realm of Zot.
 36509 | Depths:5 | Received a gift from Okawaru
 36510 | Depths:5 | Got a faintly humming scale mail {god gift}
 36575 | Depths:5 | Noticed a caustic shrike
 36584 | Depths:5 | Killed a caustic shrike
 36687 | Depths:5 | Noticed a caustic shrike
 36695 | Depths:5 | Killed a caustic shrike
 36695 | Depths:5 | Reached skill level 18 in Dodging
 37089 | Depths:5 | Received a gift from Okawaru
 37113 | Depths:5 | Noticed a juggernaut
 37113 | Depths:5 | Noticed a caustic shrike
 37117 | Depths:5 | Killed a juggernaut
 37117 | Depths:5 | Received a gift from Okawaru
 37117 | Depths:5 | Reached XP level 19. HP: 127/132 MP: 23/28
 37128 | Depths:5 | Killed a caustic shrike
 37276 | Depths:5 | Noticed a golden dragon
 37289 | Depths:5 | Killed a golden dragon
 37348 | Depths:5 | Noticed a lich
 37360 | Depths:5 | Killed a lich
 37360 | Depths:5 | Received a gift from Okawaru
 37449 | Depths:5 | Received a gift from Okawaru
 37452 | Depths:5 | Got a pair of scorched boots {god gift}
 37476 | Depths:5 | Identified the +1 scale mail of the Trout {rC- Dex+7} (Okawaru gifted it to you on level 5 of the Depths)
 37486 | Depths:5 | Identified the +0 pair of boots "Jiallois" {rC+ Stlth+} (Okawaru gifted it to you on level 5 of the Depths)
 37558 | Depths:5 | Lost mutation: You are robust. (+10% HP) [mutagenic meat]
 37559 | Depths:5 | Gained mutation: Armour fits poorly on your strangely shaped body. [mutagenic meat]
 37560 | Depths:5 | Lost mutation: Your spells are a little easier to cast, but a little less powerful. [mutagenic meat]
 37561 | Depths:5 | Lost mutation: Your body sometimes deteriorates upon taking damage. [potion of mutation]
 37561 | Depths:5 | Lost mutation: You often lose your temper in combat. [potion of mutation]
 37561 | Depths:5 | Lost mutation: You have sharp toenails. [potion of mutation]
 37561 | Depths:5 | Lost mutation: Armour fits poorly on your strangely shaped body. [potion of mutation]
 37561 | Depths:5 | Gained mutation: Your body sometimes deteriorates upon taking damage. [potion of mutation]
 37561 | Depths:5 | Gained mutation: You are robust. (+10% HP) [potion of mutation]
 37746 | Depths:5 | Noticed a caustic shrike
 37755 | Depths:5 | Killed a caustic shrike
 37755 | Depths:5 | Reached skill level 19 in Dodging
 37819 | Depths:5 | Noticed a juggernaut
 37834 | Depths:5 | Killed a juggernaut
 37848 | Depths:5 | Received a gift from Okawaru
 38033 | Depths:5 | Noticed a juggernaut
 38044 | Depths:5 | Killed a juggernaut
 38072 | Depths:5 | Learned a level 2 spell: Passwall
 38162 | Depths:5 | Identified 2 scrolls of acquirement {!r}
 38324 | Hell     | Entered the Vestibule of Hell
 38324 | Hell     | Noticed Geryon
 38759 | Depths:5 | HP: 6/134 [poisoned by a reaper]
 38766 | Depths:5 | HP: 5/134 [poisoned by a reaper]
 38773 | Depths:5 | HP: 6/134 [poisoned by a reaper]
 38781 | Depths:5 | HP: 6/134 [poisoned by a reaper]
 40654 | Hell     | Reached XP level 20. HP: 77/140 MP: 16/29
 41352 | Hell     | Killed Geryon
 41352 | Hell     | Received a gift from Okawaru
 41352 | Hell     | Received a gift from Okawaru
 41538 | Hell     | Received a gift from Okawaru
 41551 | Hell     | Reached skill level 15 in Fighting
 41773 | Depths:3 | Reached skill level 15 in Armour
 42333 | Hell     | Found a gateway to the freezing wastes of Cocytus.
 42340 | Hell     | Received a gift from Okawaru
 42531 | Hell     | Found a gateway to the decaying netherworld of Tartarus.
 42575 | Hell     | Reached skill level 20 in Dodging
 42844 | Hell     | Found a gateway to the ashen valley of Gehenna.
 42912 | Hell     | Found a gateway to the Iron City of Dis.
 42925 | Dis:1    | Entered Level 1 of the Iron City of Dis
 43489 | Dis:2    | Received a gift from Okawaru
 43538 | Dis:2    | Got a slimy steel amulet
 43538 | Dis:2    | Got an ancient lapis lazuli ring
 43539 | Dis:2    | Identified the amulet "Irghetin" {Harm *Drain *Slow rPois rF++ rN+} (You acquired it on level 2 of the Iron City of Dis)
 43541 | Dis:2    | Identified the ring of Xom's Favour {rElec AC+3 Stlth+} (You acquired it on level 2 of the Iron City of Dis)
 43751 | Dis:2    | Gained mutation: Your spells are a little easier to cast, but a little less powerful. [mutagenic glow]
 43793 | Dis:2    | Gained mutation: Armour fits poorly on your strangely shaped body. [mutagenic glow]
 43826 | Dis:3    | Received a gift from Okawaru
 43947 | Dis:3    | Received a gift from Okawaru
 43950 | Dis:3    | Got a pair of ancient gloves {god gift}
 43961 | Dis:3    | Identified the +0 pair of gloves "Tuasadukk" {rF+ Str+2} (Okawaru gifted it to you on level 3 of the Iron City of Dis)
 43984 | Dis:3    | Lost mutation: Your body sometimes deteriorates upon taking damage. [potion of mutation]
 43984 | Dis:3    | Lost mutation: Your flesh is cold resistant. (rC+) [potion of mutation]
 43984 | Dis:3    | Lost mutation: You tend to lose your temper in combat. [potion of mutation]
 44571 | Dis:6    | Reached XP level 21. HP: 133/148 MP: 30/30
 45223 | Dis:2    | Reached skill level 21 in Dodging
 45616 | Dis:6    | Received a gift from Okawaru
 45795 | Dis:7    | Entered Level 7 of the Iron City of Dis
 46204 | Dis:3    | Received a gift from Okawaru
 47395 | Dis:5    | Received a gift from Okawaru
 47642 | Dis:7    | Received a gift from Okawaru
 47644 | Dis:7    | Killed from afar by an iron giant

Vault maps used:
D:1:      dpeg_arrival_tiny_e, serial_aquarium, aquarium_bridge_square,
          aquarium_window_2, aquarium_window_corner, aquarium_window_corner,
          aquarium_window_double, aquarium_view_2d, aquarium_pool_2
D:2:      overflow_temple_1_default, uniq_jessica
D:3:      okawaru_metal_pillars_3, vehumet_crystals, first_bread
D:4:      old_standard_altar, nicolae_overflow_crystal_walls,
          minmay_temple_entry_enclosed_plants, uniq_sigmund
D:5:      evilmike_ruin_ashenzari, overflow_temple_1_default,
          minmay_shop_grid_forest, water_maze_lemuel
D:6:      old_standard_altar, grunt_qazlal_sundering, serial_shops, shop_coins
D:7:      trog_ov_bears_minmay, grunt_livestock
D:8:      corexii_shantytown, basic_altar, enter_ossuary_5, uniq_prince_ribbit1
D:9:      old_standard_altar, zaba_anthell
D:10:     lair_entry_dummy, orc_0_dummy, uniq_urug, uniq_nergalle
D:11:     hangedman_feature_mirror, uniq_fannar, uniq_gastronok
D:12:     lab_entry_generic, kennysheep_crisscross, uniq_sonja
D:13:     regret_index_combs_of_tragedy, erik_vaults_2, uniq_rupert
D:14:     serial_bayou_pond_b
D:15:     gammafunk_enter_depths_forms, hangedman_abyss_or_decor_clamps,
          uniq_louise
Depths:1: serial_shops, statue_bzr, grunt_mini_vestibule,
          kennysheep_decorative_pillar, kb_rosetta, grunt_megastairs_3,
          uniq_bai_suzhen
Depths:2: minmay_skeletal_surprise, hell_entry, minmay_misc_feat_cross,
          kennysheep_generic_room_16
Depths:3: minmay_haunted_quarter, hangedman_coc_ice_floe,
          grunt_pan_entry_in_and_out, glass_columns_b
Depths:4: minmay_curly_fans, enter_ziggurat_d, hellmouth_1,
          rand_demon_pan_entry_7, nicolae_abyss_entry_one_way_or_another
Depths:5: hangedman_slaughterboxes, hell_entry
Dis:5:    hangedman_dis_decor_blocks_talon
Dis:7:    dis_st
Lab:      labyrinth_watery, lab_block, labyrinth_fake_exit, nicolae_lab_grate,
          nicolae_lab_dead_end, nicolae_lab_hexagon, lab_fountain,
          labyrinth_skeletal_remains, nicolae_lab_very_dead_end
Bazaar:   bazaar_kb_twisted_cavern
Ossuary:  minmay_ossuary_two_tombs

Skill      XL: |  1  2  3  4  5  6  7  8  9 10 11 12 13 14 15 16 17 18 19 20 21 |
---------------+----------------------------------------------------------------+-----
Dodging        | 1 2 3 4 6 7 8 9 11 12 13 14 15 16 18 19 20 21 | 21.6
Armour         | 3 4 5 6 7 8 9 10 11 12 13 14 15 16 | 16.4
Fighting       | 3 4 5 6 7 8 9 10 11 12 13 14 15 16 | 16.4
Bows           | 4 8 9 11 13 15 16 18 19 20 | 20.0
Invocations    | 3 7 8 9 10 | 10.0
Evocations     | 2 |  2.5
Short Blades   | |  2.0
Shields        | |  2.4

Action                   |  1- 3 |  4- 6 |  7- 9 | 10-12 | 13-15 | 16-18 | 19-21 || total
-------------------------+-------+-------+-------+-------+-------+-------+-------++-------
Melee: Spear             |   367 |       |       |       |       |       |       ||   367
       Rapier            |    17 |   231 |       |       |       |       |       ||   248
       Mace              |       |    15 |   803 |    79 |       |       |       ||   897
       Dagger            |       |       |       |   241 |       |       |       ||   241
       Katana            |       |       |       |   396 |       |    17 |       ||   413
       Quick blade       |       |       |       |     7 |       |       |       ||     7
       Punch             |       |       |       |       |       |     1 |       ||     1
 Fire: Hunting sling     |       |       |     4 |       |       |       |       ||     4
       Blowgun           |       |       |       |   246 |       |       |       ||   246
       Longbow           |       |       |       |    98 |  1000 |  1071 |  1540 ||  3709
Throw: Tomahawk          |       |    19 |    37 |    44 |       |       |       ||   100
       Stone             |       |    15 |   308 |   111 |       |       |       ||   434
Invok: Heroism           |       |       |       |     5 |     8 |    19 |    26 ||    58
       Finesse           |       |       |       |     1 |     8 |    16 |    21 ||    46
 Abil: Evoke Invisibilit |       |       |       |     1 |       |       |       ||     1
Evoke: Wand              |       |       |       |     7 |     4 |     3 |       ||    14
  Use: Scroll            |     3 |     2 |     4 |    17 |     9 |     5 |     8 ||    48
       Potion            |       |     3 |       |    10 |       |     6 |     7 ||    26
  Eat: Chunk             |     5 |     7 |    17 |    19 |    32 |    36 |     8 ||   124
       Fruit             |       |       |     3 |     1 |     2 |       |       ||     6
       Royal jelly       |       |       |       |    10 |     2 |       |       ||    12
       Meat ration       |       |       |       |     1 |       |     1 |     4 ||     6
       Bread ration      |       |       |       |       |     3 |       |     4 ||     7
Armor: Scale mail        |   152 |    26 |   113 |   262 |     1 |       |       ||   554
       Chain mail        |       |    59 |       |       |       |       |       ||    59
       Plate armour      |       |    42 |   470 |       |   259 |   197 |   359 ||  1327
Dodge: Dodged            |   112 |    66 |   264 |   491 |   309 |   326 |   929 ||  2497
Block: Shield            |   165 |   120 |   463 |   377 |       |       |       ||  1125
       Other             |       |       |       |       |    13 |     7 |       ||    20
       Rpst.: Katana     |       |       |       |    70 |       |       |       ||    70

Table legend:
 A = Spawn XP
 B = Non-spawn XP
 C = Spawn XP percentage of total XP
 D = Spawn monster count
 E = Non-spawn monster count
 F = Spawn count percentage of total count
 G = Total turns spent on level
                    A         B        C        D         E        F      G
               +---------+---------+-------+---------+---------+-------+---------
         Total |       0 |  663239 |   0.0 |       0 |    1304 |   0.0 | 47644
               +---------+---------+-------+---------+---------+-------+---------
           D:1 |       0 |      73 |   0.0 |       0 |      33 |   0.0 |  1131
           D:2 |       0 |     130 |   0.0 |       0 |      23 |   0.0 |  1081
           D:3 |       0 |     247 |   0.0 |       0 |      31 |   0.0 |  1910
           D:4 |       0 |     941 |   0.0 |       0 |      25 |   0.0 |   942
           D:5 |       0 |     472 |   0.0 |       0 |      13 |   0.0 |  1040
           D:6 |       0 |     834 |   0.0 |       0 |      23 |   0.0 |  1094
           D:7 |       0 |    2291 |   0.0 |       0 |      35 |   0.0 |  2161
           D:8 |       0 |    1517 |   0.0 |       0 |      54 |   0.0 |  2181
           D:9 |       0 |   10263 |   0.0 |       0 |      79 |   0.0 |  3146
          D:10 |       0 |    4149 |   0.0 |       0 |      30 |   0.0 |  1460
          D:11 |       0 |    5025 |   0.0 |       0 |      38 |   0.0 |  1257
          D:12 |       0 |    8451 |   0.0 |       0 |      46 |   0.0 |  2291
          D:13 |       0 |   25763 |   0.0 |       0 |      87 |   0.0 |  1755
          D:14 |       0 |    3953 |   0.0 |       0 |      16 |   0.0 |  1606
          D:15 |       0 |   24341 |   0.0 |       0 |      68 |   0.0 |  2193
      Depths:1 |       0 |   55847 |   0.0 |       0 |      70 |   0.0 |  3178
      Depths:2 |       0 |   49118 |   0.0 |       0 |      64 |   0.0 |  1585
      Depths:3 |       0 |   77382 |   0.0 |       0 |      95 |   0.0 |  5730
      Depths:4 |       0 |   47281 |   0.0 |       0 |      59 |   0.0 |  1387
      Depths:5 |       0 |  145333 |   0.0 |       0 |      88 |   0.0 |  3402
          Hell |       0 |   59282 |   0.0 |       0 |      91 |   0.0 |  2584
         Dis:1 |       0 |     796 |   0.0 |       0 |       2 |   0.0 |    46
         Dis:2 |       0 |   24237 |   0.0 |       0 |      42 |   0.0 |   873
         Dis:3 |       0 |   24491 |   0.0 |       0 |      33 |   0.0 |   329
         Dis:4 |       0 |    8461 |   0.0 |       0 |       7 |   0.0 |   145
         Dis:5 |       0 |   18318 |   0.0 |       0 |      19 |   0.0 |   636
         Dis:6 |       0 |   49962 |   0.0 |       0 |      82 |   0.0 |  1085
         Dis:7 |       0 |   10996 |   0.0 |       0 |      10 |   0.0 |   230
           Lab |       0 |    2972 |   0.0 |       0 |       5 |   0.0 |   659
       Ossuary |       0 |     313 |   0.0 |       0 |      36 |   0.0 |   460
               +---------+---------+-------+---------+---------+-------+---------
